 Dungeon Crawl Stone Soup version 0.29-a0-468-ge57f7f9 (webtiles) character file.

Game seed: 1701260806592745813

1747085 edsrzf the Impregnable (level 25, 199/232 HPs)
             Began as a Palentonga Berserker on May 19, 2022.
             Was the Champion of Trog.
             Escaped with the Orb
             ... and 3 runes on May 21, 2022!
             The game lasted 03:35:42 (61752 turns).

edsrzf the Impregnable (Palentonga Berserker)      Turns: 61752, Time: 03:35:43

Health: 199/232    AC: 60    Str: 40      XL:     25   Next: 79%
Magic:  20/20      EV: 20    Int:  3 (5)  God:    Trog [******]
Gold:   6941       SH:  0    Dex: 16      Spells: 24/24 levels left

rFire   + . .      SeeInvis +   a - +9 executioner's axe (flame)
rCold   + . .      Faith    .   (shield currently unavailable)
rNeg    . . .      Spirit   .   Q - +14 crystal plate armour of the Farmer {+Blink Str+4 SInv}
rPois   .          Reflect  .   G - +2 helmet {SInv}
rElec   .          Harm     .   y - +1 cloak of Starlight {*Dazzle EV+4 Stlth--}
rCorr   .          Rampage  .   J - +2 pair of gloves {Dex+3}
Will    +++..      Rage     51% O - +1 barding of a wizard's laboratory {Str+7}
Stlth   ..........              q - necklace of Bloodlust {*Rage Will++ Int-3 Slay+6}
HPRegen 0.48/turn               U - ring of protection from fire
MPRegen 0.17/turn               N - +4 ring of evasion

@: on berserk cooldown
A: large, rugged brown scales 3, see invisible, deformed body, roll 1, armoured
tail, reflexive curl, camouflage 1, berserk 1, cold resistance 1, low MP 1,
screaming 1
0: Orb of Zot
}: 3/15 runes: decaying, silver, gossamer
a: Rolling Charge, Renounce Religion, Evoke Blink, Berserk, Trog's Hand,
Brothers in Arms


You escaped.
You worshipped Trog.
Trog was exalted by your worship.
You visited 9 branches of the dungeon, and saw 48 of its levels.
You visited the Abyss 1 time.
You also visited: Ossuary and Ice Cave.

You collected 9360 gold pieces.
You spent 2419 gold pieces at shops.

Inventory:

Hand Weapons
 a - a +9 executioner's axe of flaming (weapon)
 b - a +7 antimagic battleaxe
Missiles
 s - 5 curare-tipped darts
 t - 4 throwing nets {=f}
Armour
 y - the +1 cloak of Starlight (worn) {*Dazzle EV+4 Stlth--}
   (You found it on level 3 of the Elven Halls)

   It may blind those who miss an attack against the wearer in melee combat.
   EV:        It affects your evasion (+4).
   Stlth:     It makes you much less stealthy.
 G - a +2 helmet of see invisible (worn)
 J - a +2 pair of gloves of dexterity (worn)
 O - the +1 barding of a wizard's laboratory (worn) {Str+7}
   (You acquired it on level 5 of the Vaults)

   Str:       It affects your strength (+7).
 Q - the +14 crystal plate armour of the Farmer (worn) {+Blink Str+4 SInv}
   (You took it off a deep elf high priest on level 3 of the Elven Halls)

   Str:       It affects your strength (+4).
   SInv:      It lets you see invisible.
   +Blink:    It lets you blink.
Jewellery
 l - a ring of flight
 q - the necklace of Bloodlust (around neck) {*Rage Will++ Int-3 Slay+6}
   (You found it on level 3 of the Dungeon)

   [amulet of nothing]

   It extends the wearer's berserk rage when killing foes.
   Int:       It affects your intelligence (-3).
   Slay:      It affects your accuracy & damage with ranged weapons and melee
   (+6).
   *Rage:     It berserks you when you make melee attacks (+50% chance).
   Will:      It greatly increases your willpower.
 C - a ring of protection from cold
 H - a ring of resist corrosion
 N - a +4 ring of evasion (right hand)
 R - a +6 ring of strength
 T - a ring of willpower
 U - a ring of protection from fire (left hand)
 V - a ring of positive energy
 W - a ring of protection from cold
 X - a ring of protection from fire
 Z - the amulet "Digrinu" {Spirit rElec Slay+2 Stlth+}
   (You took it off a vampire knight on level 4 of the Depths)

   [amulet of guardian spirit]

   It causes incoming damage to be divided between your reserves of health and
   magic.
   Slay:      It affects your accuracy & damage with ranged weapons and melee
   (+2).
   rElec:     It insulates you from electricity.
   Stlth:     It makes you more stealthy.
Wands
 e - a wand of mindburst (6)
 g - a wand of acid (16)
 m - a wand of digging (3)
 B - a wand of paralysis (23)
 S - a wand of charming (23)
 Y - a wand of iceblast (44)
Scrolls
 d - 24 scrolls of teleportation {@r3}
 h - 3 scrolls of blinking
 i - 11 scrolls of enchant armour
 k - 5 scrolls of vulnerability
 n - 4 scrolls of poison
 v - 8 scrolls of fog
 D - 4 scrolls of brand weapon
 E - 3 scrolls of summoning
 F - 4 scrolls of silence {!r}
 K - 4 scrolls of magic mapping
 M - 11 scrolls of fear
Potions
 c - a potion of heal wounds
 j - 12 potions of haste
 o - 10 potions of might
 p - 21 potions of curing
 u - 6 potions of invisibility
 w - 4 potions of resistance
 x - 4 potions of ambrosia
 z - a potion of mutation {!q}
 A - a potion of cancellation
 P - 4 potions of flight
Miscellaneous
 f - a condenser vane
 r - a lightning rod (4/4)
 I - a phantom mirror
 L - a box of beasts


   Skills:
 + Level 22.1 Fighting
 - Level 24.0 Axes
 + Level 24.2 Armour
 - Level 16.5 Dodging
 - Level 7.0 Evocations


You had 24 spell levels left.
You didn't know any spells.
Your spell library was empty.

Dungeon Overview and Level Annotations

Branches:
Dungeon (15/15)            Temple (0/1) D:7            Lair (6/6) D:11
  Swamp (4/4) Lair:2       Spider (4/4) Lair:4        Slime (0/5) Lair:5
    Orc (2/2) D:9             Elf (3/3) Orc:2        Vaults (5/5) D:13
  Crypt (0/3) Vaults:2     Depths (4/4) D:15            Zot (5/5) Depths:4
Ossuary (visited)           IceCv (visited)

Altars:
Hepliaklqana
Kikubaaqudgha
Vehumet
Zin
Beogh
Jiyva
Lugonu

Shops:
D:4 *   Orc:2 *([*   Vaults:3 **(=?   Depths:1 ::=

Portals:
Hell: Depths:1 Depths:2 Depths:3 Depths:4
Abyss: Depths:3 Depths:4
Pandemonium: Depths:2
Ziggurat: Depths:3


Innate Abilities, Weirdness & Mutations

You are completely covered in rugged brown scales. (AC +3, +7% HP)
You have supernaturally acute eyesight. (SInv)
Armour fits poorly on your strangely shaped body.
You can roll at nearby foes to attack.
You have a long armoured tail.
You curl defensively after being hit. (AC +7*)
Your skin changes colour to match your surroundings (Stealth+).
You tend to lose your temper in combat.
Your flesh is cold resistant. (rC+)
Your magical capacity is low. (-10% MP)
You occasionally shout uncontrollably at your foes.


Message History

The Executioner hits you but does no damage.
The Executioner barely misses you.
The Executioner hits you but does no damage.
The demonspawn warmonger hits you but does no damage.
The demonspawn warmonger claws you but does no damage.
The demonspawn warmonger gores you but does no damage.
The Executioner misses you.
The Executioner hits you but does no damage.
The Executioner misses you.
A cherub comes into view.
It is wielding a +2 falchion of flaming.
A red film seems to cover your vision as you go berserk!
You feel yourself moving faster!
You feel mighty!
You slice the Executioner!! You burn the Executioner.
The Executioner is heavily wounded.
You slice the demonspawn warmonger!! You burn the demonspawn warmonger.
The Executioner hits you!
The Executioner hits you but does no damage.
The Executioner misses you.
You slice the Executioner like a ripe choko!!!
You burn the Executioner.
The necklace of Bloodlust glows a violent red.
You kill the Executioner!
Trog accepts your kill.
You slash the demonspawn warmonger! You burn the demonspawn warmonger.
The demonspawn warmonger hits you but does no damage.
The demonspawn warmonger claws you but does no damage.
The demonspawn warmonger completely misses you.
You hit the demonspawn warmonger. You burn the demonspawn warmonger.
The demonspawn warmonger is almost dead.
The cherub unwields a +2 falchion of flaming.
It stops flaming.
The cherub wields a +0 hunting sling.
The cherub shoots a sling bullet.
The sling bullet barely misses you.
You cut the demonspawn warmonger into ribbons!!!!
You burn the demonspawn warmonger!
You feel the power of Trog in you as your rage grows.
You kill the demonspawn warmonger!
Trog accepts your kill.
You feel a strong urge to attack something.
The cherub shoots a sling bullet.
The sling bullet hits you but does no damage.
The cherub shoots a sling bullet.
The sling bullet barely misses you.
You feel your anger nearly subside.
The cherub shoots a sling bullet.
The sling bullet hits you but does no damage.
Unknown command.
Your blood rage is quickly leaving you.
You are no longer berserk.
You are exhausted.
You feel yourself slow down.
The cherub unwields a +0 hunting sling.
The cherub wields a +2 falchion of flaming.
It bursts into flame!
The cherub hits you but does no damage.
The cherub pecks you but does no damage.
You closely miss the cherub. The cherub hits you but does no damage.
The cherub completely misses you.
You open the cherub like a pillowcase!!!
You burn the cherub!
The cherub is severely wounded.
The cherub barely misses you.
The cherub's sight is seared by the starlight!
The cherub gores you.
You catch the helpless cherub completely off-guard!
You chop the cherub into pieces!!! You burn the cherub.
You kill the cherub!
Trog accepts your kill.
A chaos spawn comes into view.
You slice the chaos spawn!! You burn the chaos spawn.
You kill the chaos spawn!
Trog accepts your kill.
The chaos spawn degenerates into a cloud of primal chaos!
Aiming: Dig
Press: ? - help, Shift-Dir - straight line, f - you Please select a direction to dig.
This square is covered in magical glow.
The rock shatters into small pieces.
There is a stone staircase leading up here.
You climb upwards.
There is a stone staircase leading down here.
There is a stone staircase leading up here.
You climb upwards.
There is a stone staircase leading down here.
A neqoxec comes into view.
Aiming: Dig
Press: ? - help, Shift-Dir - straight line, f - you Please select a direction to dig.
This square is covered in magical glow.
The rock shatters into small pieces.
A reaper comes into view. It is wielding a +2 scythe of flaming.
You open the door. The neqoxec closely misses you.
The neqoxec attacks as you move away!
The neqoxec hits you but does no damage.
You feel yourself speed up. The neqoxec hits you!
The reaper hits you but does no damage.
There is an open door here.
The neqoxec gestures at you.
Strange energies course through your body.
You no longer feel a malignance within.
There is a staircase leading out of the dungeon here.
The neqoxec gestures at you.
Strange energies course through your body.
You have escaped!

...))............................
...#...##..##.####.##############
...#...#..####.######.........###
...#.....## ##3##...............
###......# #.2'......⌠...⌠.....
###...######.##...⌠.........⌠..
#.#........#32.......≈.......
#.#...##.###...⌠..)........⌠.
#.##..#....#@....(≈.....≈....
#........###...⌠...........⌠.
#.##......##.........≈.......
##.###..##..##...⌠.........⌠..
####..# #..####........⌠...⌠.....
.#...## #### #.##...............
###.## #######.).......### .#..#
########### †..##


You could see a reaper and a neqoxec.

Vanquished Creatures
  A dread lich (Zot:5)
  An ancient lich (Zot:5)
  9 orbs of fire (Zot:5)
  Mara (Vaults:5)
  3 Killer Klowns (Zot:5)
  the Lernaean hydra (Swamp:4)
  A curse toe (Zot:1)
  A caustic shrike (Depths:4)
  Nikola (Swamp:3)
  7 golden dragons
  Arachne (Spider:3)
  A Brimstone Fiend (Zot:1)
  A hellephant (D:8)
  2 electric golems (Zot:5)
  11 tentacled monstrosities
  Jorgrun (Orc:1)
  Mlioglotl (Swamp:4)
  Asterion (Vaults:3)
  A lich (Depths:4)
  A walking crystal tome (Depths:4)
  24 Orb Guardians (Zot:5)
  4 quicksilver dragons
  2 pandemonium lords
  4 deep elf blademasters (Elf:3)
  2 deep elf master archers (Elf:3)
  8 sphinxes
  2 acid blobs (Depths:2)
  2 Executioners
  2 titans (Vaults:5)
  A tentacled starspawn (Abyss:3)
  8 storm dragons
  4 death cobs
  9 tengu reavers
  2 revenants (Vaults:2)
  3 shadow dragons (Vaults:5)
  3 draconian monks
  A demonspawn warmonger (D:3)
  Donald (Elf:3)
  A rockslime (Depths:2)
  2 azure jellies (Depths:2)
  4 draconian knights
  5 fire giants
  4 emperor scorpions
  4 frost giants
  13 vault wardens
  4 iron dragons
  2 orc warlords
  A juggernaut zombie (Depths:2)
  8 deep elf sorcerers
  Louise (Swamp:3)
  9 ghost moths
  3 draconian shifters
  The ghost of Ubbricas the Fighter, a journeyman OgWr of Cheibriados (Lair:6)
  A broodmother (Spider:4)
  5 deep elf elementalists (Elf:3)
  2 draconian annihilators
  19 ironbound preservers
  3 draconian stormcallers
  15 stone giants
  5 vampire knights (Depths:4)
  3 war gargoyles (Vaults:5)
  21 very ugly things
  3 eleionomae
  6 ironbound thunderhulks
  5 green draconians
  The ghost of Caerwyn the Unseen, a journeyman SpEn of Dithmenos (Orc:2)
  4 deep elf demonologists
  The ghost of DispaterIsMyDaddy the Unseen, a journeyman KoBr of Dithmenos (Lair:6)
  7 white draconians
  4 spark wasps
  5 black draconians
  10 entropy weavers
  11 dire elephants
  4 purple draconians
  5 bunyips
  5 red draconians
  10 deep elf annihilators
  3 yellow draconians
  2 merfolk javelineers (Depths:1)
  12 ettins
  9 fire dragons
  2 deep elf death magi
  Josephine (Swamp:1)
  5 deep elf high priests
  12 great orbs of eyes
  15 yaktaur captains
  Fannar (Lair:3)
  A boulder beetle (shapeshifter) (Vaults:4)
  A rakshasa (Depths:3)
  11 boulder beetles
  24 hydras
  6 radroaches
  33 vault guards
  Harold (Orc:1)
  Erolcha (D:12)
  9 ice dragons
  A merfolk avatar (Swamp:1)
  2 spriggan air magi (Depths:1)
  A catoblepas (Lair:5)
  2 ogre magi
  2 ghost crabs
  3 jorogumos
  8 ironbound frosthearts
  4 death yaks (Lair:2)
  18 centaur warriors
  14 two-headed ogres
  A two-headed ogre (shapeshifter) (Depths:4)
  12 alligators
  An anaconda (shapeshifter) (Vaults:5)
  A satyr (shapeshifter) (Depths:4)
  A deep troll shaman (Depths:3)
  Urug (Orc:2)
  8 death scarabs (Spider:4)
  The ghost of Ozzieoiler the Thaumaturge, a novice DgIE (D:10)
  3 tengu warriors
  21 dancing weapons (Elf:2)
  4 orc high priests (Orc:2)
  9 deep troll earth magi
  Erica (D:9)
  6 vampire magi
  4 hell hogs (Abyss:3)
  6 spriggan berserkers
  A thrashing horror (Abyss:3)
  13 spriggans
  A sun demon (Zot:1)
  Sonja (Lair:4)
  A soul eater (D:8)
  2 hell knights (Depths:4)
  A spatial maelstrom (Abyss:3)
  13 deep elf knights
  A wretched star (Abyss:3)
  2 iron trolls
  8 steelbarb worms
  A cherub (D:3)
  A sixfirhy (Depths:1)
  3 goliath frogs (Swamp:1)
  7 pharaoh ants
  4 glowing orange brains
  13 swamp dragons
  5 spriggan druids
  66 deep trolls
  7 orb spiders
  8 deep elf archers
  4 lindwurms
  2 flayed ghosts (Depths:4)
  4 bog bodies
  Pikel (D:7)
  26 orc knights
  14 wizards
  2 spectral wolf spiders (Spider:4)
  4 harpies (Vaults:5)
  A wolf spider zombie (Spider:4)
  25 deep elf pyromancers
  5 phantasmal warriors
  6 necromancers
  23 ironbound convokers
  A fire giant zombie (Depths:2)
  24 deep elf zephyrmancers
  An iron dragon zombie (Depths:3)
  9 orc sorcerers
  18 wolf spiders
  A shadow dragon skeleton (Depths:2)
  A tengu skeleton (Depths:2)
  2 manticores
  2 sphinx skeletons (Depths:3)
  A shining eye (shapeshifter) (Depths:4)
  A will-o-the-wisp (Swamp:3)
  18 moths of wrath
  5 large abominations
  An iron dragon skeleton (Depths:2)
  14 elephants
  2 spectral centaurs (D:10)
  4 cyclopes
  51 ugly things
  A guardian serpent (shapeshifter) (D:13)
  An apocalypse crab (Abyss:3)
  A fire giant skeleton (Depths:2)
  2 centaur zombies (D:10)
  3 black mambas
  An eye of devastation (Depths:2)
  4 molten gargoyles
  An ice statue (IceCv)
  Joseph (D:9)
  7 torpor snails
  2 gargoyles
  A cane toad (shapeshifter) (D:13)
  14 cane toads
  An unseen horror (D:13)
  11 vault sentinels
  10 yaktaurs
  13 demonic crawlers
  2 spectral redbacks (Spider:4)
  4 rime drakes
  4 tengu conjurers
  An anaconda simulacrum (IceCv)
  A kobold demonologist (D:11)
  2 efreet
  7 freezing wraiths
  An entropy weaver simulacrum (IceCv)
  12 komodo dragons
  2 redback zombies (Spider:4)
  11 ice devils (IceCv)
  An ancient zyme (Abyss:3)
  A red devil (Zot:1)
  10 meliai
  11 polar bears
  10 tyrant leeches
  2 trolls
  4 spectral tarantellas (Spider:4)
  A spectral jumping spider (Spider:4)
  21 tarantellas
  18 hornets
  A spectral culicivora (Spider:4)
  A sphinx simulacrum (Depths:3)
  2 wind drakes (shapeshifter)
  7 dream sheep (Lair:6)
  23 slime creatures
  A snapping turtle (shapeshifter) (Vaults:5)
  6 raiju
  2 jumping spider zombies (Spider:4)
  A tarantella (shapeshifter) (D:15)
  4 tarantella zombies (Spider:4)
  A frost giant simulacrum (Depths:2)
  A raiju (shapeshifter) (D:13)
  28 blink frogs
  A jumping spider (shapeshifter) (Depths:2)
  A flying skull (Zot:3)
  27 jumping spiders
  An ettin skeleton (Depths:2)
  Sigmund (D:6)
  14 culicivoras
  A shadow (D:11)
  3 water elementals
  2 air elementals
  3 starcursed masses (Abyss:3)
  3 centaur simulacra
  2 spriggans (shapeshifter)
  12 wraiths
  A vampire (D:13)
  9 wyverns
  47 yaks
  2 dire elephant simulacra (IceCv)
  2 fire elementals
  3 basilisks
  2 neqoxecs (Abyss:3)
  6 golden eyes (Zot:5)
  51 redbacks
  13 vampire mosquitoes
  2 chaos spawn
  3 death yak simulacra (IceCv)
  10 wargs
  Menkaure (D:7)
  A harpy simulacrum (IceCv)
  9 swamp worms
  2 swamp worms (shapeshifter)
  Edmund (D:6)
  2 acid dragons
  15 hell hounds (Lair:6)
  15 water moccasins
  15 black bears
  6 swamp drakes
  40 orc warriors
  An ice beast (shapeshifter) (D:13)
  2 ice beasts
  12 ogres
  A sky beast (D:8)
  10 boggarts
  24 wolves
  A tengu (shapeshifter) (D:15)
  12 centaurs
  A phantom (D:4)
  3 kobold brigands
  3 gnoll sergeants
  13 bullfrogs
  A two-headed ogre simulacrum (IceCv)
  5 cane toad simulacra (IceCv)
  3 scorpions
  2 earth elementals
  4 water moccasin zombies (Ossuary)
  5 small abominations (D:14)
  9 wights
  5 elephant simulacra (IceCv)
  9 killer bees
  4 howler monkeys (D:8)
  5 electric eels
  A lava snake (D:14)
  3 hounds
  30 orc priests
  2 gnoll shamans (D:7)
  A jelly (D:4)
  4 iguanas
  37 orc wizards
  3 polar bear simulacra (IceCv)
  A spriggan simulacrum (IceCv)
  6 hell rats (Lair:6)
  3 troll simulacra (IceCv)
  4 wolf simulacra (IceCv)
  2 mummies (Ossuary)
  18 gnolls
  A naga simulacrum (IceCv)
  10 adders
  A shadow imp (D:7)
  2 white imps
  3 ufetubi
  4 adder zombies (Ossuary)
  3 worms
  108 orcs
  4 bats
  6 endoplasms
  4 giant cockroaches
  4 gnoll zombies (Ossuary)
  10 goblins
  12 hobgoblins
  2 jackals (D:5)
  A quokka (D:5)
  8 ball pythons
  5 frilled lizards
  5 hobgoblin zombies (Ossuary)
  10 kobolds
  8 kobold zombies (Ossuary)
  3 orc zombies (Ossuary)
  A rat (D:1)
  A starspawn tentacle (Abyss:3)
2135 creatures vanquished.

Vanquished Creatures (collateral kills)
  A juggernaut (Depths:4)
  Sojobo (Depths:1)
  Rupert (Lair:5)
  An Orb Guardian (Zot:5)
  A tentacled monstrosity (Depths:4)
  A spark wasp (Spider:4)
  An ice dragon (Depths:4)
  A pharaoh ant (Spider:4)
  2 orb spiders (Spider:4)
  An ugly thing (Depths:4)
  4 tarantellas (Spider:4)
  A wyvern (Lair:5)
  2 redbacks (Spider:4)
18 creatures vanquished.

Vanquished Creatures (others)
  A deep troll (Vaults:5)
  A molten gargoyle (D:13)
  A demonic crawler (Spider:4)
  2 bloated husks
  A culicivora (Spider:4)
  A spriggan (shapeshifter) (Depths:3)
  2 vampire mosquitoes (Swamp:3)
  A swamp worm (Swamp:3)
  An orc warrior (Orc:2)
  An orc wizard (Orc:2)
  2 foxfires (Swamp:3)
  26 fungi
  58 plants
  4 starspawn tentacles (Abyss:3)
  A withered plant (Depths:3)
103 creatures vanquished.

Grand Total: 2256 creatures vanquished

Notes
Turn   | Place    | Note
-------+----------+-------------------------------------------
     0 | D:1      | edsrzf the Palentonga Berserker began the quest for the
                  | Orb.
     0 | D:1      | Reached XP level 1. HP: 19/19 MP: 1/1
   182 | D:1      | Reached XP level 2. HP: 21/25 MP: 2/2
   380 | D:1      | Reached skill level 4 in Axes
   419 | D:1      | Found a faded altar of an unknown god.
   428 | D:1      | Reached ** piety under Trog
   640 | D:2      | Reached XP level 3. HP: 28/31 MP: 3/3
  1481 | D:2      | Reached skill level 5 in Axes
  1481 | D:2      | Reached XP level 4. HP: 22/37 MP: 4/4
  1669 | D:2      | Identified the +1 ring mail "Extar" {rElec}
  2008 | D:3      | Reached XP level 5. HP: 42/43 MP: 5/5
  2289 | D:3      | Found the necklace of Bloodlust {*Rage Will++ Int-3 Slay+6}
  2540 | D:4      | Reached skill level 6 in Axes
  2576 | D:4      | Identified the +6 rapier of Infection {flame, rElec Int+7
                  | Stlth-}
  2584 | D:4      | Reached *** piety under Trog
  2780 | D:4      | Noticed a phantom
  2788 | D:4      | Reached XP level 6. HP: 50/50 MP: 6/6
  2790 | D:4      | Reached skill level 7 in Axes
  3207 | D:4      | Found Roym's General Store.
  3212 | D:4      | Bought a scroll of noise for 10 gold pieces
  3434 | D:5      | Entered Level 5 of the Dungeon
  3506 | D:5      | Identified 4 scrolls of identify
  3506 | D:5      | Identified a potion of attraction
  3507 | D:5      | Identified a potion of might
  3508 | D:5      | Identified a potion of curing
  3509 | D:5      | Identified a potion of degeneration
  3537 | D:5      | Noticed a yak
  3538 | D:5      | Noticed an ice beast
  3546 | D:5      | Killed an ice beast
  3547 | D:5      | Reached skill level 8 in Axes
  3547 | D:5      | Gained mutation: You curl defensively after being hit. (AC
                  | +7*) [Palentonga growth]
  3547 | D:5      | Reached XP level 7. HP: 33/55 MP: 7/7
  3551 | D:5      | Killed a yak
  3564 | D:5      | Noticed a two-headed ogre
  3683 | D:5      | Noticed a yak
  3683 | D:5      | Noticed a yak
  3683 | D:5      | Noticed a yak
  3684 | D:5      | Noticed a yak
  3684 | D:5      | Noticed a yak
  3701 | D:5      | Killed a yak
  3702 | D:5      | Reached skill level 9 in Axes
  3702 | D:5      | Killed a yak
  3703 | D:5      | Reached XP level 8. HP: 60/62 MP: 8/8
  3706 | D:5      | Reached skill level 10 in Axes
  3710 | D:5      | Reached skill level 11 in Axes
  3903 | D:5      | Killed a two-headed ogre
  3904 | D:5      | Reached skill level 12 in Axes
  3904 | D:5      | Reached XP level 9. HP: 67/67 MP: 9/9
  4215 | D:5      | Reached **** piety under Trog
  4232 | D:5      | Identified 4 scrolls of teleportation
  4604 | D:6      | Found a sand-covered staircase.
  4609 | Ossuary  | Entered an ossuary
  4694 | Ossuary  | Reached skill level 13 in Axes
  5139 | D:6      | Identified a potion of cancellation
  5174 | D:6      | Noticed Edmund
  5181 | D:6      | Killed Edmund
  5182 | D:6      | Reached skill level 14 in Axes
  5239 | D:6      | Reached ***** piety under Trog
  5289 | D:6      | Noticed Sigmund
  5293 | D:6      | Killed Sigmund
  5294 | D:6      | Reached skill level 2 in Armour
  5812 | D:7      | Noticed Pikel
  5817 | D:7      | Killed Pikel
  5818 | D:7      | Reached skill level 4 in Fighting
  5818 | D:7      | Reached skill level 3 in Armour
  5818 | D:7      | Reached XP level 10. HP: 78/78 MP: 10/10
  5948 | D:7      | Identified 2 potions of brilliance
  6143 | D:7      | Reached skill level 5 in Fighting
  6156 | D:7      | Found a staircase to the Ecumenical Temple.
  6199 | D:7      | Reached skill level 4 in Armour
  6231 | D:7      | Identified the +1 scale mail "Daguz" {Str+3}
  6274 | D:7      | You fall into a shaft and drop 2 floors!
  6427 | D:9      | Received a gift from Trog
  6759 | D:8      | Identified 2 potions of lignification
  6867 | D:8      | Identified 5 scrolls of blinking
  6868 | D:8      | Identified 4 scrolls of amnesia
  7705 | D:7      | Reached skill level 15 in Axes
  7747 | D:7      | Noticed Menkaure
  7750 | D:7      | Killed Menkaure
  8422 | D:9      | Received a gift from Trog
  8671 | D:9      | Noticed a two-headed ogre
  8676 | D:9      | Killed a two-headed ogre
  8677 | D:9      | Reached XP level 11. HP: 86/86 MP: 3/11
  8736 | D:9      | Noticed Joseph
  8757 | D:9      | Killed Joseph
  8977 | D:9      | Found a staircase to the Orcish Mines.
  8977 | D:9      | Noticed Erica
  8979 | D:9      | Killed Erica
  8980 | D:9      | Reached skill level 16 in Axes
  8999 | Orc:1    | Entered Level 1 of the Orcish Mines
  9028 | D:10     | Entered Level 10 of the Dungeon
  9219 | D:10     | Found a radiant altar of Vehumet.
  9225 | D:10     | Noticed a centaur warrior
  9237 | D:10     | Killed a centaur warrior
  9371 | D:10     | Identified 2 potions of resistance
  9384 | D:10     | Identified 3 potions of mutation
  9446 | D:10     | Found a runed translucent gate.
  9446 | D:10     | Found a runed translucent gate.
  9446 | D:10     | Found a runed translucent gate.
  9447 | D:10     | Noticed Ozzieoiler's ghost (novice DgIE)
  9465 | D:10     | Killed Ozzieoiler's ghost
  9466 | D:10     | Reached skill level 17 in Axes
  9626 | D:11     | Noticed a two-headed ogre
  9627 | D:11     | Killed a two-headed ogre
  9697 | D:11     | Noticed an eight-headed hydra
  9700 | D:11     | Killed a six-headed hydra
  9701 | D:11     | Reached skill level 18 in Axes
  9844 | D:11     | Reached XP level 12. HP: 76/93 MP: 4/12
  9941 | D:11     | Found a staircase to the Lair.
 10005 | D:11     | Noticed a two-headed ogre
 10008 | D:11     | Killed a two-headed ogre
 10111 | D:11     | Upgraded the game from 0.29-a0-453-gf113fcf to
                  | 0.29-a0-459-g97dee8c
 10310 | D:11     | Found a hazy altar of Hepliaklqana.
 11061 | D:12     | Noticed Erolcha
 11064 | D:12     | Killed Erolcha
 11065 | D:12     | Reached skill level 19 in Axes
 11424 | Lair:1   | Entered Level 1 of the Lair of Beasts
 12053 | Lair:1   | Reached skill level 20 in Axes
 12216 | Lair:1   | Identified a potion of berserk rage
 12217 | Lair:1   | Identified 4 scrolls of enchant armour
 12218 | Lair:1   | Identified 4 scrolls of fog
 12219 | Lair:1   | Identified 3 scrolls of magic mapping
 12220 | Lair:1   | Identified 2 scrolls of enchant weapon
 12498 | Lair:2   | Noticed a seven-headed hydra
 12501 | Lair:2   | Killed a five-headed hydra
 12581 | Lair:2   | Noticed a death yak
 12581 | Lair:2   | Noticed a death yak
 12581 | Lair:2   | Noticed a death yak
 12582 | Lair:2   | Noticed a death yak
 12587 | Lair:2   | Killed a death yak
 12590 | Lair:2   | Killed a death yak
 12592 | Lair:2   | Killed a death yak
 12593 | Lair:2   | Reached XP level 13. HP: 92/99 MP: 13/13
 12890 | Lair:2   | Found a transporter.
 12891 | Lair:2   | Found a transporter.
 12919 | Lair:2   | Received a gift from Trog
 13018 | Lair:2   | Found a staircase to the Swamp.
 13020 | Lair:2   | Reached skill level 21 in Axes
 13601 | Lair:3   | Noticed Fannar
 13604 | Lair:3   | Killed Fannar
 14114 | Lair:3   | Identified a potion of haste
 14116 | Lair:3   | Identified a scroll of summoning
 14117 | Lair:3   | Identified 2 scrolls of fear
 14118 | Lair:3   | Identified 2 scrolls of silence
 14139 | Lair:3   | Identified 2 scrolls of poison
 14140 | Lair:3   | Identified 2 scrolls of immolation
 14187 | Lair:3   | Reached skill level 22 in Axes
 14915 | Lair:4   | Found a hole to the Spider Nest.
 15015 | Lair:4   | Identified a scroll of vulnerability
 15134 | Lair:4   | Identified a scroll of brand weapon
 15182 | Lair:4   | Noticed Sonja
 15188 | Lair:4   | Killed Sonja
 15193 | Lair:4   | Upgraded the game from 0.29-a0-459-g97dee8c to
                  | 0.29-a0-464-g5044803
 15542 | Lair:4   | Reached XP level 14. HP: 105/105 MP: 14/14
 15559 | Lair:4   | Received a gift from Trog
 16126 | Lair:5   | Noticed Rupert
 16336 | Lair:5   | Reached skill level 23 in Axes
 16355 | Lair:5   | Cast into level 3 of the Abyss (Rupert)
 16355 | Abyss:3  | Found a corrupted altar of Lugonu.
 16585 | Abyss:3  | Noticed a starcursed mass
 16706 | Abyss:3  | Noticed a tentacled starspawn
 16719 | Abyss:3  | Killed a tentacled starspawn
 16725 | Lair:5   | Escaped the Abyss
 16773 | Lair:5   | Killed Rupert
 16778 | Lair:5   | Identified a potion of flight
 17157 | Lair:5   | Found a staircase to the Slime Pits.
 17158 | Lair:5   | Found a viscous altar of Jiyva.
 17520 | Lair:6   | Entered Level 6 of the Lair of Beasts
 17571 | Lair:6   | Found a frozen archway.
 17583 | IceCv    | Entered an ice cave
 17997 | IceCv    | Identified the +4 pair of boots "Tyiryt" {Regen+}
 18031 | IceCv    | Found an ancient bone altar of Kikubaaqudgha.
 18202 | IceCv    | Identified the +7 battleaxe of Exoneration {flame, rC+}
                  | (Trog gifted it to you in an ice cave)
 18202 | IceCv    | Received a gift from Trog
 18222 | IceCv    | Reached skill level 24 in Axes
 18460 | Lair:6   | Reached skill level 5 in Armour
 18670 | Lair:6   | Found a runed translucent door.
 18689 | Lair:6   | Reached skill level 6 in Armour
 19102 | Lair:6   | Reached skill level 7 in Armour
 19304 | Lair:6   | Received a gift from Trog
 19309 | Lair:6   | Identified the +8 chain mail of the Bulwark {rPois Str+4}
 19366 | Lair:6   | Identified a potion of magic
 19516 | Lair:6   | Reached skill level 8 in Armour
 19516 | Lair:6   | Reached XP level 15. HP: 90/112 MP: 15/15
 19899 | Lair:6   | Found a runed translucent gate.
 19899 | Lair:6   | Found a runed translucent gate.
 19899 | Lair:6   | Found a runed translucent gate.
 19905 | Lair:6   | Noticed Ubbricas's ghost (journeyman OgWr)
 19905 | Lair:6   | Noticed DispaterIsMyDaddy's ghost (journeyman KoBr)
 19939 | Lair:6   | Killed DispaterIsMyDaddy's ghost
 19942 | Lair:6   | Killed Ubbricas's ghost
 19943 | Lair:6   | Reached skill level 9 in Armour
 19956 | Lair:6   | Identified 2 potions of invisibility
 20546 | Orc:1    | Noticed Jorgrun
 20556 | Orc:1    | Killed Jorgrun
 20667 | Orc:1    | Received a gift from Trog
 20859 | Orc:1    | Reached ****** piety under Trog
 21194 | Orc:2    | Entered Level 2 of the Orcish Mines
 21245 | Orc:2    | Reached skill level 10 in Armour
 21247 | Orc:2    | Found a staircase to the Elven Halls.
 21535 | Orc:2    | Received a gift from Trog
 21538 | Orc:2    | Noticed Urug
 21555 | Orc:2    | Killed Urug
 21716 | Orc:2    | Found a runed translucent gate.
 21717 | Orc:2    | Noticed Caerwyn's ghost (journeyman SpEn)
 21717 | Orc:2    | Found a runed translucent gate.
 21719 | Orc:2    | Found a runed translucent gate.
 21719 | Orc:2    | Found the +3 pair of gauntlets of War {Slay+5}
 21803 | Orc:2    | Found Gyrizoer's Weapon Emporium.
 21803 | Orc:2    | Found Eqilacrel's Assorted Antiques.
 21806 | Orc:2    | Found Ellidixt's Antique Armour Boutique.
 21811 | Orc:2    | Reached skill level 6 in Fighting
 21811 | Orc:2    | Reached skill level 2 in Dodging
 21823 | Orc:2    | Reached skill level 3 in Dodging
 22056 | Orc:2    | Found Setutt's General Store.
 22084 | Orc:2    | Bought a sapphire potion for 27 gold pieces
 22091 | Orc:2    | Bought a shiny crystal plate armour for 2075 gold pieces
 22262 | Orc:2    | Killed Caerwyn's ghost
 22266 | Orc:2    | Reached skill level 7 in Fighting
 22670 | Orc:1    | Noticed Harold
 22674 | Orc:1    | Killed Harold
 22674 | Orc:1    | Received a gift from Trog
 22675 | Orc:1    | Reached skill level 4 in Dodging
 23034 | D:13     | Reached skill level 8 in Fighting
 23045 | D:13     | Reached skill level 5 in Dodging
 23076 | D:13     | Reached XP level 16. HP: 86/126 MP: 16/16
 23092 | D:13     | Reached skill level 9 in Fighting
 23748 | D:13     | Reached skill level 6 in Dodging
 24023 | D:13     | Found a gate to the Vaults.
 24526 | D:14     | Received a gift from Trog
 24640 | D:14     | Found a runed translucent door.
 25717 | D:14     | Reached skill level 10 in Fighting
 25828 | D:14     | Noticed a tentacled monstrosity
 25832 | D:14     | Killed a tentacled monstrosity
 25833 | D:14     | Reached skill level 7 in Dodging
 26154 | D:15     | Entered Level 15 of the Dungeon
 26418 | D:15     | Found a staircase to the Depths.
 26813 | D:15     | Reached skill level 11 in Fighting
 26813 | D:15     | Reached skill level 8 in Dodging
 27207 | D:15     | Upgraded the game from 0.29-a0-464-g5044803 to
                  | 0.29-a0-468-ge57f7f9
 27337 | Swamp:1  | Entered Level 1 of the Swamp
 27524 | Swamp:1  | Noticed Josephine
 27539 | Swamp:1  | Killed Josephine
 28480 | Swamp:2  | Reached skill level 9 in Dodging
 28549 | Swamp:2  | Received a gift from Trog
 28550 | Swamp:2  | Reached skill level 12 in Fighting
 28651 | Swamp:2  | Reached XP level 17. HP: 107/142 MP: 17/17
 29264 | Swamp:3  | Noticed Nikola
 29280 | Swamp:3  | Noticed a tentacled monstrosity
 29289 | Swamp:3  | Killed a tentacled monstrosity
 29290 | Swamp:3  | Killed Nikola
 29990 | Swamp:3  | Noticed Louise
 30012 | Swamp:3  | Killed Louise
 30328 | Swamp:4  | Entered Level 4 of the Swamp
 30397 | Swamp:4  | Reached skill level 10 in Dodging
 30542 | Swamp:4  | Reached skill level 13 in Fighting
 30932 | Swamp:4  | Noticed Mlioglotl
 30947 | Swamp:4  | Killed Mlioglotl
 31517 | Swamp:4  | Noticed the 27-headed Lernaean hydra
 31523 | Swamp:4  | Killed the 22-headed Lernaean hydra
 31771 | Swamp:4  | Got a decaying rune of Zot
 32334 | Spider:1 | Entered Level 1 of the Spider Nest
 32338 | Spider:1 | Received a gift from Trog
 32346 | Spider:1 | Reached skill level 11 in Armour
 32486 | Spider:1 | Reached skill level 14 in Fighting
 32486 | Spider:1 | Reached skill level 11 in Dodging
 32611 | Spider:1 | Reached XP level 18. HP: 112/156 MP: 18/18
 33544 | Spider:1 | Received a gift from Trog
 34547 | Spider:2 | Reached skill level 1 in Evocations
 35029 | Spider:3 | Noticed Arachne
 35036 | Spider:3 | Reached skill level 2 in Evocations
 35048 | Spider:3 | Killed Arachne
 35058 | Spider:3 | Reached skill level 3 in Evocations
 35550 | Spider:3 | Reached skill level 4 in Evocations
 36017 | Spider:3 | Received a gift from Trog
 36021 | Spider:3 | Reached skill level 5 in Evocations
 36313 | Spider:4 | Entered Level 4 of the Spider Nest
 36594 | Spider:4 | Reached skill level 6 in Evocations
 36632 | Spider:4 | Reached skill level 7 in Evocations
 37266 | Spider:4 | Reached skill level 12 in Armour
 37345 | Spider:4 | Received a gift from Trog
 37538 | Spider:4 | Reached skill level 15 in Fighting
 37677 | Spider:4 | Reached skill level 12 in Dodging
 37736 | Spider:4 | Reached XP level 19. HP: 165/165 MP: 19/19
 37739 | Spider:4 | Identified a potion of experience
 37818 | Spider:4 | Got a gossamer rune of Zot
 37820 | Spider:4 | Reached XP level 20. HP: 170/174 MP: 20/20
 38269 | Elf:1    | Entered Level 1 of the Elven Halls
 38511 | Elf:1    | Paralysed by an air elemental for 1 turns
 38585 | Elf:1    | Received a gift from Trog
 39385 | Elf:1    | Found a corrupted altar of Lugonu.
 39723 | Elf:2    | Received a gift from Trog
 39874 | Elf:2    | Found a runed translucent gate.
 39874 | Elf:2    | Found a runed translucent gate.
 39874 | Elf:2    | Found a runed translucent gate.
 40002 | Elf:2    | Paralysed by an air elemental for 1 turns
 40130 | Elf:2    | Reached skill level 13 in Armour
 40252 | Elf:2    | Reached skill level 16 in Fighting
 40367 | Elf:2    | Reached skill level 13 in Dodging
 40795 | Elf:3    | Entered Level 3 of the Elven Halls
 40851 | Elf:3    | Identified a scroll of torment
 40978 | Elf:3    | Identified the ring "Tatos" {Fire Stlth+}
 41348 | Elf:3    | Received a gift from Trog
 41437 | Elf:3    | Noticed Donald
 41442 | Elf:3    | Killed Donald
 42186 | Elf:3    | Identified the +14 crystal plate armour of the Farmer
                  | {+Blink Str+4 SInv}
 42217 | Elf:3    | Reached skill level 17 in Fighting
 42275 | Elf:3    | Reached skill level 14 in Armour
 42312 | Elf:3    | Identified a scroll of acquirement
 42646 | Elf:3    | Received a gift from Trog
 42702 | Elf:3    | Identified the +5 short sword of the Evening {flame, *Noise
                  | rC+++ rN+ rCorr}
 42814 | Elf:3    | Acquired a manual of Dodging
 42877 | Elf:3    | Found the +2 shield of Resistance {rF++ rC++ Will++}
 42879 | Elf:3    | Found the +1 cloak of Starlight {*Dazzle EV+4 Stlth--}
 42957 | Elf:3    | Identified the +11 rapier of Sharkskin {protect, *Slow Fly
                  | rN+++ Int-2}
 43262 | Vaults:1 | Entered Level 1 of the Vaults
 43318 | Vaults:1 | Gained mutation: You are dopey. (Int -2) [potion of
                  | mutation]
 43318 | Vaults:1 | Gained mutation: You are weak. (Str -2) [potion of
                  | mutation]
 43318 | Vaults:1 | Gained mutation: You are robust. (+10% HP) [potion of
                  | mutation]
 43319 | Vaults:1 | Lost mutation: You are robust. (+10% HP) [potion of
                  | mutation]
 43319 | Vaults:1 | Lost mutation: You are weak. (Str -2) [potion of mutation]
 43319 | Vaults:1 | Gained mutation: You are weak. (Str -2) [potion of
                  | mutation]
 43319 | Vaults:1 | Gained mutation: Your flesh is heat resistant. (rF+)
                  | [potion of mutation]
 43319 | Vaults:1 | Lost mutation: You are dopey. (Int -2) [potion of mutation]
 43320 | Vaults:1 | Lost mutation: You are weak. (Str -2) [potion of mutation]
 43320 | Vaults:1 | Lost mutation: Your flesh is heat resistant. (rF+) [potion
                  | of mutation]
 43320 | Vaults:1 | Gained mutation: Your spells are a little harder to cast,
                  | but a little more powerful. [potion of mutation]
 43320 | Vaults:1 | Gained mutation: You are agile. (Dex +2) [potion of
                  | mutation]
 43321 | Vaults:1 | Lost mutation: Your spells are a little harder to cast, but
                  | a little more powerful. [potion of mutation]
 43321 | Vaults:1 | Lost mutation: You are agile. (Dex +2) [potion of mutation]
 43321 | Vaults:1 | Gained mutation: You are clumsy. (Dex -2) [potion of
                  | mutation]
 43321 | Vaults:1 | Gained mutation: You are robust. (+10% HP) [potion of
                  | mutation]
 43321 | Vaults:1 | Gained mutation: Your system is resistant to poisons.
                  | (rPois) [potion of mutation]
 43322 | Vaults:1 | Lost mutation: Your system is resistant to poisons. (rPois)
                  | [potion of mutation]
 43322 | Vaults:1 | Lost mutation: You are robust. (+10% HP) [potion of
                  | mutation]
 43322 | Vaults:1 | Gained mutation: Your mind is acute. (Int +2) [potion of
                  | mutation]
 43322 | Vaults:1 | Gained mutation: Your muscles are strong. (Str +2) [potion
                  | of mutation]
 43323 | Vaults:1 | Lost mutation: Your mind is acute. (Int +2) [potion of
                  | mutation]
 43323 | Vaults:1 | Lost mutation: You are clumsy. (Dex -2) [potion of
                  | mutation]
 43323 | Vaults:1 | Gained mutation: Your system is resistant to poisons.
                  | (rPois) [potion of mutation]
 43323 | Vaults:1 | Gained mutation: You can roll at foes to attack. [potion of
                  | mutation]
 43323 | Vaults:1 | Gained mutation: You occasionally shout uncontrollably at
                  | your foes. [potion of mutation]
 43504 | Vaults:1 | Reached XP level 21. HP: 183/186 MP: 21/21
 43559 | Vaults:1 | Reached skill level 14 in Dodging
 44589 | Vaults:2 | Reached skill level 15 in Dodging
 44626 | Vaults:2 | Found a staircase to the Crypt.
 44636 | Vaults:2 | Received a gift from Trog
 44721 | Vaults:2 | Reached skill level 16 in Dodging
 45390 | Vaults:2 | Received a gift from Trog
 45934 | Vaults:3 | Found Tuwerph's Magic Scroll Shoppe.
 45957 | Vaults:3 | Reached skill level 15 in Armour
 46004 | Vaults:3 | Found Nakuggou's Assorted Antiques.
 46012 | Vaults:3 | Bought a scroll of enchant weapon for 307 gold pieces
 46197 | Vaults:3 | Received a gift from Trog
 46312 | Vaults:3 | Found Xeacvoh's Assorted Antiques.
 46504 | Vaults:3 | Noticed Asterion
 46513 | Vaults:3 | Killed Asterion
 46632 | Vaults:3 | Found Owiud's Jewellery Shoppe.
 47079 | Vaults:3 | Reached skill level 16 in Armour
 47250 | Vaults:3 | Found Qishao Sini's Weapon Shop.
 47648 | Vaults:4 | Reached XP level 22. HP: 178/194 MP: 22/22
 48084 | Vaults:4 | Received a gift from Trog
 48088 | Vaults:4 | Reached skill level 17 in Armour
 49542 | Depths:1 | Entered Level 1 of the Depths
 49632 | Depths:1 | Found Odius's Jewellery Emporium.
 49632 | Depths:1 | Found Ireus's Book Shop.
 49634 | Depths:1 | Found Locsomne's Book Shop.
 49800 | Depths:1 | Noticed Sojobo
 49803 | Depths:1 | Paralysed by an air elemental for 1 turns
 49812 | Depths:1 | Found a corrupted altar of Lugonu.
 49820 | Depths:1 | Killed Sojobo
 49821 | Depths:1 | Reached skill level 18 in Armour
 50123 | Depths:1 | Found a gateway to Hell.
 50780 | Depths:2 | Received a gift from Trog
 50847 | Depths:2 | Found a transporter.
 50853 | Depths:2 | Found a transporter.
 50853 | Depths:2 | Found a viscous altar of Jiyva.
 50924 | Depths:2 | Identified the ring "Zutt" {rF+ Int+2 Dex+4 Slay-4}
 51370 | Depths:2 | Found a one-way gate leading to the halls of Pandemonium.
 51496 | Depths:2 | Found a glowing silver altar of Zin.
 51897 | Depths:1 | Identified the +12 quarterstaff "Enlit" {freeze, rElec
                  | Stlth+}
 51923 | Depths:3 | Found a one-way gate to the infinite horrors of the Abyss.
 51981 | Depths:3 | Reached skill level 19 in Armour
 52036 | Depths:4 | Entered Level 4 of the Depths
 52058 | Depths:3 | Received a gift from Trog
 52444 | Depths:3 | Reached XP level 23. HP: 201/201 MP: 23/23
 52737 | Depths:3 | Found an ancient bone altar of Kikubaaqudgha.
 52902 | Depths:3 | Found a one-way gateway to a ziggurat.
 53206 | Depths:4 | Reached skill level 20 in Armour
 53214 | Depths:4 | Received a gift from Trog
 54005 | Depths:4 | Noticed a caustic shrike
 54016 | Depths:4 | Killed a caustic shrike
 54024 | Depths:4 | Received a gift from Trog
 54502 | Depths:4 | Reached skill level 21 in Armour
 54709 | Depths:4 | Identified the amulet "Digrinu" {Spirit rElec Slay+2
                  | Stlth+}
 54764 | Depths:4 | Found a gate to the Realm of Zot.
 54788 | Depths:4 | Noticed a juggernaut
 54796 | Depths:4 | Killed a juggernaut
 55794 | Vaults:5 | Entered Level 5 of the Vaults
 55822 | Vaults:5 | Identified the +5 broad axe "Spiderbane" {flame, Str+3}
                  | (Trog gifted it to you on level 5 of the Vaults)
 55822 | Vaults:5 | Received a gift from Trog
 55866 | Vaults:5 | Reached skill level 18 in Fighting
 56076 | Vaults:5 | Reached XP level 24. HP: 210/210 MP: 23/23
 56113 | Vaults:5 | Reached skill level 22 in Armour
 56218 | Vaults:5 | Noticed Mara
 56230 | Vaults:5 | Noticed edsrzf's illusion
 56238 | Vaults:5 | Killed Mara
 56342 | Vaults:5 | Got a silver rune of Zot
 56532 | Vaults:5 | Acquired the +1 barding of a wizard's laboratory {Str+7}
 56556 | Vaults:5 | Found the +18 shield of the Gong {rElec rN+ Will+ EV-5}
 56558 | Vaults:5 | Identified the +9 quarterstaff "Plog" {vorpal, rElec rN+
                  | Will-}
 56719 | Vaults:5 | Received a gift from Trog
 57155 | Vaults:5 | Reached skill level 19 in Fighting
 57197 | Vaults:5 | Received a gift from Trog
 57413 | Vaults:5 | Identified the +10 spear "Acvoezo" {spect, *Rage Fly rPois
                  | Dex+3}
 57447 | Vaults:5 | Identified the +1 leather armour of Nidan Woi {Will+ Dex+7}
 57537 | Vaults:5 | Found the +3 sling "Punk" {acid, rCorr}
 58107 | Zot:1    | Entered Level 1 of the Realm of Zot
 58343 | Zot:2    | Received a gift from Trog
 58594 | Zot:2    | Reached skill level 23 in Armour
 58601 | Zot:2    | Reached skill level 20 in Fighting
 59016 | Zot:5    | Entered Level 5 of the Realm of Zot
 59520 | Zot:5    | Reached XP level 25. HP: 226/226 MP: 23/23
 59587 | Zot:5    | Noticed a dread lich
 59598 | Zot:5    | Killed a dread lich
 59675 | Zot:5    | Noticed an orb of fire
 59677 | Zot:5    | Gained mutation: You have hidden genetic defects. [an orb
                  | of fire]
 59678 | Zot:5    | Received a gift from Trog
 59685 | Zot:5    | Killed an orb of fire
 59688 | Zot:5    | Noticed an orb of fire
 59688 | Zot:5    | Noticed a Killer Klown
 59690 | Zot:5    | Noticed an orb of fire
 59691 | Zot:5    | Gained mutation: Your magical capacity is low. (-10% MP)
                  | [an orb of fire]
 59694 | Zot:5    | Gained mutation: Your body sometimes deteriorates upon
                  | taking damage. [an orb of fire]
 59694 | Zot:5    | Noticed an orb of fire
 59695 | Zot:5    | Noticed an orb of fire
 59697 | Zot:5    | Gained mutation: You frequently scream uncontrollably at
                  | your foes. [an orb of fire]
 59702 | Zot:5    | Lost mutation: Your body sometimes deteriorates upon taking
                  | damage. [an orb of fire]
 59703 | Zot:5    | Gained mutation: You sometimes lose the ability to read
                  | scrolls when taking damage. [an orb of fire]
 59707 | Zot:5    | Noticed an ancient lich
 59715 | Zot:5    | HP: 9/227 [ancient lich/crystal spear (54)]
 59720 | Zot:5    | Killed an ancient lich
 59721 | Zot:5    | Lost mutation: You frequently scream uncontrollably at your
                  | foes. [potion of mutation]
 59721 | Zot:5    | Lost mutation: Your muscles are strong. (Str +2) [potion of
                  | mutation]
 59721 | Zot:5    | Lost mutation: Your magical capacity is low. (-10% MP)
                  | [potion of mutation]
 59721 | Zot:5    | Gained mutation: You are strong-willed. (Will+) [potion of
                  | mutation]
 59722 | Zot:5    | Lost mutation: You have hidden genetic defects. [potion of
                  | mutation]
 59722 | Zot:5    | Lost mutation: You are strong-willed. (Will+) [potion of
                  | mutation]
 59722 | Zot:5    | Lost mutation: Your system is resistant to poisons. (rPois)
                  | [potion of mutation]
 59722 | Zot:5    | Gained mutation: You are occasionally teleported next to
                  | monsters. [potion of mutation]
 59722 | Zot:5    | Gained mutation: Your magical capacity is low. (-10% MP)
                  | [potion of mutation]
 59722 | Zot:5    | Gained mutation: Your flesh is cold resistant. (rC+)
                  | [potion of mutation]
 59723 | Zot:5    | Lost mutation: You can roll at foes to attack. [potion of
                  | mutation]
 59723 | Zot:5    | Lost mutation: Your flesh is cold resistant. (rC+) [potion
                  | of mutation]
 59723 | Zot:5    | Lost mutation: You sometimes lose the ability to read
                  | scrolls when taking damage. [potion of mutation]
 59723 | Zot:5    | Gained mutation: Your spells are a little harder to cast,
                  | but a little more powerful. [potion of mutation]
 59723 | Zot:5    | Gained mutation: A frigid envelope surrounds you and
                  | freezes all who hurt you. [potion of mutation]
 59724 | Zot:5    | Lost mutation: You are occasionally teleported next to
                  | monsters. [potion of mutation]
 59724 | Zot:5    | Lost mutation: Your magical capacity is low. (-10% MP)
                  | [potion of mutation]
 59724 | Zot:5    | Lost mutation: Your spells are a little harder to cast, but
                  | a little more powerful. [potion of mutation]
 59724 | Zot:5    | Lost mutation: You occasionally shout uncontrollably at
                  | your foes. [potion of mutation]
 59724 | Zot:5    | Gained mutation: Your muscles are strong. (Str +2) [potion
                  | of mutation]
 59797 | Zot:5    | Noticed an orb of fire
 59802 | Zot:5    | Noticed a Killer Klown
 59809 | Zot:5    | Killed an orb of fire
 59809 | Zot:5    | Noticed an orb of fire
 59810 | Zot:5    | Reached skill level 21 in Fighting
 59812 | Zot:5    | Noticed an orb of fire
 59813 | Zot:5    | Killed a Killer Klown
 59816 | Zot:5    | Noticed an orb of fire
 59827 | Zot:5    | Killed an orb of fire
 59828 | Zot:5    | Noticed a Killer Klown
 60200 | Zot:5    | Gained mutation: You have hidden genetic defects. [an orb
                  | of fire]
 60205 | Zot:5    | Killed an orb of fire
 60211 | Zot:5    | Gained mutation: You tend to lose your temper in combat.
                  | [an orb of fire]
 60212 | Zot:5    | Killed an orb of fire
 60230 | Zot:5    | Killed a Killer Klown
 60240 | Zot:5    | Lost mutation: A frigid envelope surrounds you and freezes
                  | all who hurt you. [an orb of fire]
 60245 | Zot:5    | Killed an orb of fire
 60247 | Zot:5    | Gained mutation: You sometimes lose the ability to read
                  | scrolls when taking damage. [an orb of fire]
 60255 | Zot:5    | HP: 11/230 [poisoned by a Killer Klown]
 60263 | Zot:5    | Lost mutation: Your muscles are strong. (Str +2) [potion of
                  | mutation]
 60263 | Zot:5    | Lost mutation: You tend to lose your temper in combat.
                  | [potion of mutation]
 60263 | Zot:5    | Lost mutation: You sometimes lose the ability to read
                  | scrolls when taking damage. [potion of mutation]
 60263 | Zot:5    | Gained mutation: Your skin changes colour to match your
                  | surroundings (Stealth+). [potion of mutation]
 60263 | Zot:5    | Gained mutation: Your magical capacity is low. (-10% MP)
                  | [potion of mutation]
 60263 | Zot:5    | Gained mutation: Your flesh is cold resistant. (rC+)
                  | [potion of mutation]
 60795 | Zot:5    | Killed a Killer Klown
 60878 | Zot:5    | Killed an orb of fire
 60887 | Zot:5    | Killed an orb of fire
 60965 | Zot:5    | Reached skill level 24 in Armour
 61006 | Zot:5    | Gained mutation: You tend to lose your temper in combat.
                  | [hidden defects]
 61065 | Zot:5    | Killed an orb of fire
 61092 | Zot:5    | Got the Orb of Zot
 61119 | Zot:4    | Gained mutation: You occasionally shout uncontrollably at
                  | your foes. [mutagenic glow]
 61176 | Zot:1    | Noticed Meidgh the pandemonium lord
 61189 | Zot:1    | Killed Meidgh the pandemonium lord
 61200 | Zot:1    | Reached skill level 22 in Fighting
 61494 | D:9      | Noticed Elidah the pandemonium lord
 61509 | D:9      | Killed Elidah the pandemonium lord
 61747 | D:1      | Lost mutation: You have hidden genetic defects. [a neqoxec]
 61752 | D:$      | Escaped with the Orb!

Illustrated notes

Levels and vault maps discovered:
D:1:      dpeg_arrival_stone_temple_mockup, layout_rooms,
          nicolae_ecumenical_snake_handling
D:2:      layout_loops_cross, minmay_misc_feat_pillars
D:3:      layout_basic
D:4:      layout_basic, serial_shops, kennysheep_little_box
D:5:      layout_basic, grunt_decor_fettered, kennysheep_cluttered_room,
          kennysheep_generic_room_8
D:6:      layout_basic, enter_ossuary_2, uniq_edmund, uniq_sigmund
D:7:      layout_loops_corners, minmay_temple_entry_wispy,
          kennysheep_opposing_triangles, uniq_pikel, uniq_menkaure
D:8:      layout_basic, minmay_puff
D:9:      layout_irregular_city, hiddenorc1_lemuel, serial_glass,
          glass_columns_c, glass_columns_a, uniq_erica, uniq_joseph
D:10:     layout_basic, lemuel_doored_altar, gammafunk_ghost_necromancy
D:11:     layout_rooms, erik_lair_orcish_takeover,
          nicolae_hepliaklqana_hippocampus
D:12:     layout_basic, uniq_erolcha
D:13:     minmay_the_grid_octo_tiled_octocenter [minmay_the_grid_octo_clover,
          minmay_the_grid_octo_concentric, minmay_the_grid_octo_empty,
          minmay_the_grid_octo_teeth, minmay_the_grid_octo_prize_big_c,
          minmay_the_grid_square_5x5_trominoes,
          minmay_the_grid_square_5x5_beaten_path,
          minmay_the_grid_square_5x5_checkered_statues,
          minmay_the_grid_square_5x5_minimal], layout_loops_cross,
          david_vaults_2, minmay_tree_intersection,
          chequers_serial_rivers_large_a, minivault_8
D:14:     cheibrodos_body_horror, layout_basic, chequers_serial_rivers_micro_b
D:15:     hangedman_depths_entry_civil_slaughter, layout_irregular_city
Lair:1:   layout_roguey, worms_lemuel
Lair:2:   gammafunk_boulding_lane, layout_loops_ring, swamp_mist_pool,
          infiniplex_staircase_pool_2
Lair:3:   layout_cave_pods, uniq_fannar
Lair:4:   layout_cave_shapes, spider_nest_entry_web_field, beast_lair_carwin_3,
          uniq_sonja
Lair:5:   layout_hall_layers, slime_altar_1, lookout_lair_type, uniq_rupert
Lair:6:   hangedman_lair_caniforms_friends, layout_gridlike, wormcave,
          gammafunk_ghost_cemetery, portal_ice_cave_entry_pillars_2
Swamp:1:  layout_basic_swamp, evilmike_swamp_ruin_rubble_1, swamp_pool4,
          grunt_lady_of_the_lake, uniq_josephine
Swamp:2:  nicolae_swamp_tree_isthmus, layout_basic_swamp,
          nicolae_swamp_bean_lake
Swamp:3:  layout_basic_swamp, serial_swamp_ruin, evilmike_swamp_ruin_wall,
          evilmike_swamp_ruin_rubble_2, evilmike_swamp_ruin_house_2,
          uniq_nikola, uniq_louise
Swamp:4:  swamp_old_school, layout_basic_swamp, swamp_pool1, uniq_mlioglotl
Spider:1: cheibrodos_forgotten_conduit, hangedman_spider_mandibles,
          nicolae_spider_some_kinda_spiderbox
Spider:2: layout_spider_delve
Spider:3: layout_spider_delve, uniq_arachne
Spider:4: floodkiller_spider_rune_tomb
Orc:1:    cheibrodos_orc_bank, layout_caves, basic_altar, uniq_jorgrun,
          uniq_harold
Orc:2:    st_orc_elflike, layout_caves, biasface_ghost_orc_armoury, uniq_urug
Elf:1:    elf_arrival_002, layout_loops_cross, minmay_elf_annihilation,
          nicolae_elf_theology_debate
Elf:2:    elven_hall_of_blades_hangedman_original [nicolae_blade_bullseye],
          layout_gridlike
Elf:3:    minmay_elf_hall_furrowed, layout_loops_corners, lemuel_flamethrower_3,
          uniq_donald
Vaults:1: grunt_vaults_focal, v_misc_29, v_misc_4, grunt_vaults_hallway_short,
          v_rooms_2, v_misc_25, v_misc_26, nicolae_vaults_big_angled_halls,
          vaults_standard_mumra_enter_the_diamond, vaults_dpeg_encased_lava,
          nicolae_vaults_network_quinsquares
          [nicolae_vaults_network_quincunx_subvault,
          nicolae_vaults_network_quincunx_subvault,
          nicolae_vaults_network_quincunx_subvault,
          nicolae_vaults_network_quincunx_subvault], nicolae_vaults_little_ls,
          layout_vaults_maze_bifur
Vaults:2: v_alt_pattern_1, minmay_crypt_entry_simple_sparse,
          dpeg_vaults_monster_box, hangedman_vaults_slither, v_pattern_5,
          v_misc_1, vaults_room_corners, ontoclasm_vaults_eye,
          ontoclasm_vaults_pinch, layout_vaults_big_room
Vaults:3: v_misc_24, vaults_room_stairs_pillars, vaults_dpeg_diagonal,
          nicolae_vaults_network_square, special_room_vaults [special_room_orc],
          ontoclasm_vaults_fault, nicolae_vaults_rhombus_5, v_misc_26,
          hangedman_vaults_capsules, v_pattern_1, nicolae_vaults_what_the_h,
          serial_ice_g, grunt_vaults_hallway_long, ontoclasm_vaults_shuriken,
          layout_vaults_omnibox, serial_shops, shop, shop, shop, shop, shop,
          uniq_asterion
Vaults:4: ontoclasm_vaults_ring_square, hangedman_vaults_snaps,
          ontoclasm_vaults_idyll, hangedman_vaults_pinch, vaults_mumra_hex,
          nicolae_vaults_quadrants, vaults_room_door_hall,
          nicolae_vaults_mini_display_case, nicolae_vaults_specimen_jars,
          vaults_room_fours, layout_vaults_omnigrid
Vaults:5: serial_shops, uniq_mara
Depths:1: layout_cave_pools, grunt_hell_entry_dis_grunt, tgw_lugonu_bribe,
          minmay_shop_grove, firewood_loft, uniq_sojobo
Depths:2: gammafunk_jiyva_shrine, layout_honeycomb, pan_entry, hell_entry,
          nicolae_wwwww, zin_angel, infiniplex_staircase_zigzag_2
Depths:3: kennysheep_funnel, layout_cave_shapes, enter_ziggurat_b, abyss_entry,
          kiku_gazebo_garden_becter, hell_entry
Depths:4: hangedman_pleasuredromes, hell_entry, abyss_entry, serial_shops
Zot:1:    layout_cathedral_of_symmetry
Zot:2:    dreamdust_zin_vs_xom, layout_onion, gammafunk_ghost_wrathful_warriors
Zot:3:    layout_concentric_octagons, lemuel_lich_library, uniq_tiamat
Zot:4:    layout_misc_corridors
Zot:5:    layout_concentric_octagons

Skill      XL: |  1  2  3  4  5  6  7  8  9 10 11 12 13 14 15 16 17 18 19 20 21 22 23 24 25 |
---------------+----------------------------------------------------------------------------+-----
Axes           | 4 5 6 8 9 12 14 15 18 20 22 24 | 24.0
Armour         | 3 4 8 10 11 12 14 16 19 21 23 24 | 24.2
Fighting       | 4 5 8 12 14 15 17 18 20 22 | 22.1
Dodging        | 5 9 11 12 13 16 | 16.5
Evocations     | 7 |  7.0

Action                   |  1- 3 |  4- 6 |  7- 9 | 10-12 | 13-15 | 16-18 | 19-21 | 22-24 | 25-27 || total
-------------------------+-------+-------+-------+-------+-------+-------+-------+-------+-------++-------
Melee: Hand axe          |    99 |    89 |   167 |    25 |       |       |       |       |       ||   380
       Tailslap          |     5 |    18 |    32 |    49 |   122 |   155 |   122 |   206 |    57 ||   766
       Punch             |     3 |     1 |     1 |       |       |       |       |       |       ||     5
       Battleaxe         |       |       |       |   295 |       |       |       |       |    50 ||   345
       War axe           |       |       |       |    26 |       |       |       |       |       ||    26
       Executioner's axe |       |       |       |    21 |   802 |   865 |   645 |  1027 |   195 ||  3555
Invok: Berserk           |       |     1 |       |       |       |       |       |       |       ||     1
       Trog's Hand       |       |       |     1 |       |     7 |     1 |       |       |       ||     9
       Brothers in Arms  |       |       |       |       |     1 |     3 |       |     2 |     1 ||     7
 Abil: Rolling Charge    |    18 |    12 |     8 |    43 |    96 |   116 |   105 |   115 |    15 ||   528
Evoke: Wand              |       |       |       |     2 |    10 |       |       |       |     4 ||    16
  Use: Scroll            |       |     4 |     2 |    12 |    16 |     4 |     9 |    11 |     8 ||    66
       Potion            |       |       |       |       |     7 |     8 |     8 |     1 |    17 ||    41
 Stab: Sleeping          |     2 |       |       |       |       |       |       |       |       ||     2
       Petrifying        |       |       |       |       |     2 |       |       |       |       ||     2
       Petrified         |       |       |       |       |     1 |       |       |       |       ||     1
       Distracted        |       |       |       |       |       |     2 |       |     1 |       ||     3
       Invisible         |       |       |       |       |       |       |     8 |    31 |     5 ||    44
Armor: Animal skin       |    30 |       |       |       |       |       |       |       |       ||    30
       Ring mail         |       |    15 |    43 |       |       |       |       |       |       ||    58
       Chain mail        |       |       |     7 |   177 |   357 |   773 |   118 |       |       ||  1432
       Plate armour      |       |       |       |       |    52 |       |       |       |       ||    52
       Crystal plate arm |       |       |       |       |       |       |   254 |   591 |   128 ||   973
Dodge: Dodged            |    45 |    23 |    50 |    59 |   104 |   347 |   217 |   568 |   135 ||  1548

Table legend: (Time is in decaauts)
 A = Elapsed time spent in this place.
 B = Non-inter-level travel time spent in this place.
 C = Inter-level travel time spent in this place.
 D = Time resting spent in this place.
 E = Time spent auto-exploring this place.
 F = Levels seen in this place.
 G = Mean time per level.
                   A        B        C        D        E       F      G
               +--------+--------+--------+--------+--------+-----+--------+
         Total |  65135 |  61411 |   3724 |  21484 |  26996 |  51 | 1277.2 |
       Dungeon |  17446 |  16198 |   1248 |   4041 |   8563 |  15 | 1163.1 |
          Lair |   8643 |   8173 |    470 |   2593 |   3772 |   6 | 1440.5 |
         Swamp |   5373 |   5140 |    233 |   2405 |   2105 |   4 | 1343.2 |
   Spider Nest |   6049 |   5880 |    169 |   2228 |   2677 |   4 | 1512.2 |
  Orcish Mines |   2393 |   2206 |    187 |    804 |    974 |   2 | 1196.5 |
   Elven Halls |   5080 |   4873 |    207 |   1502 |   2264 |   3 | 1693.3 |
        Vaults |   8965 |   8322 |    643 |   2971 |   3672 |   5 | 1793.0 |
        Depths |   6523 |   6174 |    349 |   2855 |   2077 |   4 | 1630.8 |
           Zot |   3173 |   2959 |    214 |   1472 |    567 |   5 |  634.6 |
         Abyss |    404 |    404 |      0 |    237 |      0 |   1 |  404.0 |
       Ossuary |    209 |    209 |      0 |     56 |      0 |   1 |  209.0 |
      Ice Cave |    872 |    872 |      0 |    315 |    323 |   1 |  872.0 |
               +--------+--------+--------+--------+--------+-----+--------+

Top non-repeatable levels by time:
   Elf:3: 2381 daAuts
Vaults:4: 2241 daAuts
  Lair:6: 2150 daAuts
Depths:4: 2103 daAuts
   Zot:5: 2098 daAuts
Vaults:5: 2053 daAuts
 Swamp:4: 2015 daAuts
    D:14: 1968 daAuts
Spider:4: 1871 daAuts
Depths:3: 1707 daAuts
    D:13: 1670 daAuts
Vaults:2: 1626 daAuts
 Swamp:2: 1603 daAuts
Depths:2: 1579 daAuts
Vaults:3: 1523 daAuts
